 Dungeon Crawl Stone Soup version 0.22.1-6-g1668fe2 (webtiles) character file.

1417 Kairos the Chopper (level 8, -9/42 HPs)
             Began as a Vine Stalker Fighter on Jan 28, 2019.
             Was an Initiate of Okawaru.
             Mangled by an ogre
             ... wielding a +0 giant club
              (21 damage)
             ... on level 7 of the Dungeon.
             The game lasted 00:11:08 (5599 turns).

Kairos the Chopper (Vine Stalker Fighter)           Turns: 5599, Time: 00:11:08

Health: -9/42      AC: 11    Str: 24    XL:     8   Next: 71%
Magic:  0/9        EV:  8    Int:  8    God:    Okawaru [......]
Gold:   326        SH: 10    Dex: 14    Spells: 7/7 levels left

rFire    . . .     SeeInvis .   a - +0 war axe
rCold    + . .     Gourm    .   c - +0 shield
rNeg     . . .     Faith    .   K - +1 scale mail {rC+}
rPois    +         Spirit   +   (no helmet)
rElec    .         Reflect  .   h - +2 cloak
rCorr    +         Harm     +   (no gloves)
MR       ++...                  (no boots)
Stlth    ..........             m - amulet of harm
HPRegen  0.54/turn              q - +3 ring of strength
MPRegen  0.11/turn              G - ring of the Cockroach {rCorr rPois MR+ Stlth-}

@: drained, invisible
A: fangs 3, regeneration 1, magic shield, antimagic bite, no potion heal 3, rot
immunity
a: Renounce Religion


You were on level 7 of the Dungeon.
You worshipped Okawaru.
Okawaru was noncommittal.
You were hungry.

You visited 2 branches of the dungeon, and saw 8 of its levels.

You collected 326 gold pieces.

Inventory:

Hand Weapons
 a - a +0 war axe (weapon)
Armour
 c - a +0 shield (worn)
 h - a +2 cloak (worn)
 H - a +0 plate armour
 K - a +1 scale mail of cold resistance (worn)
Jewellery
 m - an amulet of harm (around neck)
 q - a +3 ring of strength (left hand)
 y - an uncursed ring of magical power
 G - the ring of the Cockroach (right hand) {rCorr rPois MR+ Stlth-}
   (You found it on level 6 of the Dungeon)

   [ring of resist corrosion]

   It protects you from poison.
   It affects your resistance to hostile enchantments.
   It makes you less stealthy.
 I - an uncursed ring of positive energy
Wands
 u - a wand of flame (16)
 A - a wand of acid (10)
Scrolls
 g - 2 scrolls of identify
 k - 3 scrolls of amnesia {unknown}
 s - 4 scrolls of enchant armour {unknown}
 t - 6 scrolls of fear {unknown}
 v - 2 scrolls of enchant weapon {unknown}
 w - a scroll of teleportation
 x - 2 scrolls of blinking
 B - a scroll of immolation
 D - a scroll of magic mapping
 E - a scroll of fog
 F - a scroll of noise {unknown}
Potions
 d - a potion of might
 e - a potion of mutation {unknown}
 j - a potion of flight
 l - a potion of resistance {unknown}
 n - a potion of degeneration {unknown}
 o - 3 potions of heal wounds
 p - a potion of magic {unknown}
 r - 3 potions of curing {unknown}
 z - a potion of brilliance {unknown}
 C - a potion of haste
Comestibles
 f - 11 rations


   Skills:
 + Level 4.5 Fighting
 + Level 6.6 Axes
 + Level 4.5 Armour
 + Level 1.3(1.2) Dodging
 + Level 0.8 Stealth
 + Level 4.5 Shields


You had 7 spell levels left.
You didn't know any spells.
Your spell library contained the following spells:

 Spells                   Type           Power        Failure   Level  Hunger
 Confusing Touch          Hex            #.....       99%         1    ##.....
 Summon Small Mammal      Summ           #...         99%         1    ##.....
 Call Imp                 Summ           #.......     99%         2    ###....
 Call Canine Familiar     Summ           #.......     100%        3    ####...
 Confuse                  Hex            #.......     100%        3    ####...
 Gell's Gravitas          Tloc           #.........   100%        3    ####...
 Summon Guardian Golem    Hex/Summ       #.......     100%        3    ####...
 Petrify                  Tmut/Erth      #.......     100%        4    #####..
 Summon Ice Beast         Ice/Summ       #.......     100%        4    #####..
 Summon Lightning Spire   Summ/Air       #.......     100%        4    #####..
 Metabolic Englaciation   Hex/Ice        #.........   100%        5    ######.
 Yara's Violent Unravell  Hex/Tmut       #.........   100%        5    ######.


Dungeon Overview and Level Annotations

Branches:
Dungeon (7/15)             Temple (1/1) D:6

Altars:
Ashenzari
Cheibriados
Elyvilon
Fedhas
Kikubaaqudgha
Nemelex Xobeh
Okawaru
Vehumet
Xom
Zin

Annotations:
D:5 exclusion: oklob plant


Innate Abilities, Weirdness & Mutations

You have razor-sharp teeth.
Your natural rate of healing is unusually fast.
When hurt, damage is shared between your health and your magic reserves.
Your bite disrupts and absorbs the magic of your enemies.
Potions cannot restore your health.
You are immune to rotting.


Message History

The ogre is severely wounded.
You hit the orc but do no damage. The ogre hits you with a giant club!!
* * * LOW HITPOINT WARNING * * *
The orc hits you but does no damage.
You are too injured to fight recklessly!
You are too injured to fight recklessly!
You are too injured to fight recklessly!
You are too injured to fight recklessly!
You are too injured to fight recklessly!
You are too injured to fight recklessly!
Unknown command.
You hit the ogre but do no damage. Your bite misses the ogre.
The ogre is severely wounded.
You hit the orc but do no damage. The ogre completely misses you.
You block the orc's attack.
Okay, then.
You fade into invisibility!
The orc hits you but does no damage. The ogre hits you with a giant club!!
Ouch! That really hurt!
You die...

#....# #..#....#
#....## #....#...
#.....####...##..
#####..###....# .
##...#..#.#.#
#######.#.......
#.........?.....
#.........o.....
#....)@O..o.....
#.....)o#..>....
#......(#.#o....
##.##.###.#..%..
#. #. .# ..#. .$
.# ... z##


You could see an ogre, an orc wizard and 3 orcs.

Vanquished Creatures
  A black bear (D:6)
  An orc warrior (D:6)
  A centaur (D:6)
  A phantom (D:4)
  A big kobold (D:7)
  2 bullfrogs (D:6)
  A scorpion (D:6)
  2 wights (D:7)
  3 crimson imps
  2 hounds (D:7)
  An orc priest (D:4)
  A centaur skeleton (D:6)
  Crazy Yiuf (D:3)
  3 orc wizards
  A bullfrog skeleton (D:3)
  An iguana (D:5)
  Natasha (thrice) (D:3)
  2 worker ants
  8 adders
  4 gnolls (D:6)
  2 shadow imps
  An ooze (D:2)
  An adder zombie (D:6)
  A worm (D:3)
  2 leopard geckos
  12 orcs
  2 ball pythons (D:1)
  5 bats
  2 giant cockroaches (D:3)
  10 goblins
  10 hobgoblins
  7 jackals
  A quokka (D:4)
  7 frilled lizards
  8 kobolds
  A leopard gecko skeleton (D:4)
  10 rats
122 creatures vanquished.

Notes
Turn   | Place    | Note
-------+----------+-------------------------------------------
     0 | D:1      | Kairos the Vine Stalker Fighter began the quest for the
                  | Orb.
     0 | D:1      | Reached XP level 1. HP: 11/11 MP: 2/2
    74 | D:1      | Reached XP level 2. HP: 10/16 MP: 3/3
   248 | D:1      | Reached skill level 2 in Axes
   367 | D:1      | Reached XP level 3. HP: 18/20 MP: 4/4
   732 | D:2      | Found a shattered altar of Ashenzari.
  1512 | D:2      | Gained mutation: Your natural rate of healing is unusually
                  | fast. [Vine Stalker growth]
  1512 | D:2      | Reached XP level 4. HP: 21/24 MP: 5/5
  1597 | D:2      | Noticed an angel
  1598 | D:2      | Found a glowing silver altar of Zin.
  1733 | D:3      | Reached skill level 3 in Axes
  1803 | D:3      | Found a runed door.
  1905 | D:3      | Reached XP level 5. HP: 25/28 MP: 4/6
  1965 | D:3      | Noticed Natasha
  1978 | D:3      | Killed Natasha
  2196 | D:3      | Found a white marble altar of Elyvilon.
  2203 | D:3      | Noticed Natasha
  2210 | D:3      | Killed Natasha
  2215 | D:3      | Reached skill level 4 in Axes
  2221 | D:3      | Noticed Natasha
  2225 | D:3      | Killed Natasha
  2488 | D:3      | Reached XP level 6. HP: 30/32 MP: 7/7
  2684 | D:3      | Noticed Crazy Yiuf
  2689 | D:3      | Killed Crazy Yiuf
  3181 | D:4      | Noticed a phantom
  3216 | D:4      | Killed a phantom
  3274 | D:4      | Reached XP level 7. HP: 34/36 MP: 8/8
  3646 | D:5      | Entered Level 5 of the Dungeon
  3678 | D:5      | Found a sparkling altar of Nemelex Xobeh.
  3951 | D:5      | Found a glowing silver altar of Zin.
  4020 | D:5      | Reached skill level 5 in Axes
  4140 | D:5      | Found a blossoming altar of Fedhas.
  4157 | D:5      | Noticed an oklob plant
  4632 | D:6      | Got a twitching amber ring
  4634 | D:6      | Identified the ring of the Cockroach {rCorr rPois MR+
                  | Stlth-} (You found it on level 6 of the Dungeon)
  4639 | D:6      | Reached skill level 1 in Dodging
  4693 | D:6      | Gained mutation: You have razor-sharp teeth. [Vine Stalker
                  | growth]
  4693 | D:6      | Reached XP level 8. HP: 3/42 MP: 1/9
  5228 | D:6      | Reached skill level 6 in Axes
  5307 | D:6      | Found a staircase to the Ecumenical Temple.
  5326 | Temple   | Entered the Ecumenical Temple
  5362 | Temple   | Became a worshipper of Warmaster Okawaru
  5599 | D:7      | Mangled by an ogre

Skill      XL: |  1  2  3  4  5  6  7  8 |
---------------+-------------------------+-----
Axes           | 2 3 4 5 6 |  6.6
Fighting       | 3 4 |  4.5
Shields        | 3 4 |  4.5
Armour         | 3 4 |  4.5
Dodging        | 1 |  1.3
Stealth        | |  0.8

Action                   |  1- 3 |  4- 6 |  7- 9 || total
-------------------------+-------+-------+-------++-------
Melee: War axe           |   102 |   137 |   133 ||   372
       Bite              |    23 |    38 |    43 ||   104
Evoke: Wand              |       |       |     1 ||     1
  Use: Potion            |     1 |       |     1 ||     2
       Scroll            |       |       |     9 ||     9
  Eat: Chunk             |     1 |     5 |     2 ||     8
       Ration            |       |     1 |     1 ||     2
Armor: Scale mail        |    56 |    51 |    67 ||   174
       Plate armour      |       |       |     6 ||     6
Dodge: Dodged            |    28 |    41 |    51 ||   120
Block: Shield            |    43 |    39 |    77 ||   159
